 Dungeon Crawl Stone Soup version 0.30-a0-177-g1cb5dbfd7a (webtiles) character file.

Game seed: 12776835233495978947

1106 brightshaft the Cudgeller (level 8, -13/69 HPs)
             Began as a Minotaur Gladiator on Oct 2, 2022.
             Killed from afar by an acid dragon (30 damage)
             ... with a splash of acid
             ... on level 5 of the Dungeon.
             The game lasted 00:08:07 (3811 turns).

brightshaft the Cudgeller (Minotaur Gladiator)      Turns: 3811, Time: 00:08:08

Health: -13/69     AC:  7    Str: 20    XL:     8   Next: 11%
Magic:  7/7        EV:  9    Int:  5    God:
Gold:   75         SH:  0    Dex: 13    Spells: 7/7 levels left

rFire   . . .      SeeInvis .    r - +4 morningstar (drain)
rCold   . . .      Faith    .    (no shield)
rNeg    . . .      Spirit   .    q - +0 chain mail
rPois   .          Reflect  .    c - +2 hat
rElec   .          Harm     .    (no cloak)
rCorr   .          Rampage  .    (no gloves)
Will    .....                    (no boots)
Stlth   ..........               (no amulet)
HPRegen 0.31/turn                (no ring)
MPRegen 0.10/turn                (no ring)

@: corroded
A: horns 2, retaliatory headbutt
a: no special abilities


You were on level 5 of the Dungeon.
You visited 1 branch of the dungeon, and saw 5 of its levels.

You collected 165 gold pieces.
You spent 90 gold pieces at shops.

Inventory:

Hand Weapons
 a - a +0 quarterstaff
 r - a +4 morningstar of draining (weapon)
Missiles
 d - 2 throwing nets (quivered)
 e - a javelin
 i - 12 poisoned darts
Armour
 c - a +2 hat (worn)
 m - the +1 cloak of Miracles {+Blink rCorr Int+4 Dex-3}
   (You found it on level 4 of the Dungeon)

   Int:       It affects your intelligence (+4).
   Dex:       It affects your dexterity (-3).
   +Blink:    It lets you blink.
   rCorr:     It protects you from acid and corrosion.
 q - a +0 chain mail (worn)
Wands
 u - a wand of quicksilver (14)
Scrolls
 t - a scroll of silence
Potions
 b - a potion of magic {unknown}
 f - 2 potions of curing {@q1}
 g - a potion of heal wounds {@q2}
 h - 2 potions of ambrosia
 j - 3 potions of lignification
 k - 3 potions of resistance
 l - a potion of attraction {unknown}
 n - a potion of might
 o - a potion of flight {unknown}
 p - a potion of cancellation {unknown}
 s - a potion of mutation {unknown}


   Skills:
 + Level 5.5 Fighting
 * Level 6.4(7.2) Maces & Flails
 - Level 4.6(6.2) Staves
 - Level 2.0 Throwing
 + Level 4.9 Armour
 + Level 5.6 Dodging


You had 7 spell levels left.
You didn't know any spells.
Your spell library contained the following spells:

 Spells                   Type           Power      Damage    Failure   Level
 Gell's Gravitas          Tloc           0%         N/A       100%        3
 Teleport Other           Tloc           0%         N/A       100%        3
 Dispersal                Tloc           0%         N/A       100%        6


Dungeon Overview and Level Annotations

Branches:
Dungeon (5/15)             Temple (0/1) D:5

Altars:
Dithmenos
Sif Muna
Zin

Annotations:
D:5 3 runed translucent doors, glaedl's ghost, novice GrEE


Innate Abilities, Weirdness & Mutations

You have a pair of horns on your head.
You reflexively headbutt those who attack you in melee.


Message History

The acid dragon claws you but does no damage.
The wight barely misses you. You furiously retaliate!
You headbutt the wight, but do no damage.
You barely miss the wight. Your headbutt misses the wight.
The wight is moderately damaged.
The acid dragon bites you. The acid dragon claws you.
The wight splashes around in the water.
The acid dragon spits acid at you. The splash of acid hits you!
You feel much better. The wight misses you. The acid dragon bites you.
The acid dragon closely misses you.
You sock the wight! Your headbutt misses the wight.
The wight is almost destroyed.
The wight barely misses you. The acid dragon bites you!
The acid dragon barely misses you.
You sock the wight!
You destroy the wight!
You hear a splash. x3
The acid dragon spits acid at you. The splash of acid misses you.
You closely miss the acid dragon.
You headbutt the acid dragon, but do no damage.
The acid dragon bites you!
The acid dragon claws you but does no damage.
You sock the acid dragon!
The acid dragon is moderately wounded.
The acid dragon bites you but does no damage.
The acid dragon claws you.
You hit the acid dragon.
The acid dragon is heavily wounded.
The acid dragon bites you!
* * * LOW HITPOINT WARNING * * *
The acid dragon claws you.
* * * LOW HITPOINT WARNING * * *
The acid dragon closely misses you. x2
You closely miss the acid dragon.
The acid dragon is heavily wounded.
The acid dragon spits acid at you. The splash of acid hits you!!
You die...

..≈≈≈≈≈~≈≈≈≈
#~~..~..~~~~ ##~≈≈
≈≈~≈≈≈ ## ##.~≈♣ ♣≈.≈♣
#. #...≈♣ ♣≈~≈♣ .>
#.#.≈♣♣♣≈.≈♣♣♣≈. # .
#.#.≈≈≈≈≈.≈≈≈≈≈.
#.#.#..)..~D@)~~.~~~
#...#..~≈≈≈≈≈~≈≈≈≈≈~
#.>.#.#~≈♣♣♣≈~≈♣♣♣≈.
#...#.#~≈♣ ♣≈.≈♣
#########.#.≈♣ ♣≈~≈♣
..........#.≈≈ ≈≈.≈≈≈
#####..####~....~....~
#####..####.≈≈≈≈≈.≈≈≈≈
..........#


You could see an acid dragon (catching breath).

Vanquished Creatures
  Pikel (D:4)
  2 lemures (D:4)
  A scorpion (D:4)
  5 wights (D:5)
  An orc priest (D:4)
  Crazy Yiuf (D:4)
  2 jellies
  Terence (D:3)
  An iguana (D:4)
  An orc wizard (D:3)
  3 adders
  2 worms
  A dart slug (D:3)
  13 orcs
  8 ball pythons
  14 endoplasms
  A giant cockroach (D:2)
  12 hobgoblins
  3 jackals (D:3)
  8 kobolds
  3 quokkas
  2 bats
  2 frilled lizards (D:2)
  9 goblins
  6 rats
103 creatures vanquished.

Notes
Turn   | Place    | Note
-------+----------+-------------------------------------------
     0 | D:1      | brightshaft the Minotaur Gladiator began the quest for the
                  | Orb.
     0 | D:1      | Reached XP level 1. HP: 18/18 MP: 0/0
   110 | D:1      | Reached XP level 2. HP: 25/25 MP: 1/1
   470 | D:1      | Reached skill level 1 in Armour
   778 | D:1      | Reached XP level 3. HP: 13/30 MP: 2/2
   883 | D:2      | Found a shimmering blue altar of Sif Muna.
  1079 | D:2      | Found a faded altar of an unknown god.
  1703 | D:3      | Reached skill level 1 in Maces & Flails
  1703 | D:3      | Reached XP level 4. HP: 29/38 MP: 3/3
  1767 | D:3      | Found Zin's Purification Station.
  1770 | D:3      | Found a glowing silver altar of Zin.
  1779 | D:3      | Bought a potion of curing for 90 gold pieces
  1980 | D:3      | Noticed Terence
  1983 | D:3      | Killed Terence
  1984 | D:3      | Reached skill level 2 in Maces & Flails
  1984 | D:3      | Reached XP level 5. HP: 43/45 MP: 1/4
  2622 | D:4      | Noticed a lemure
  2623 | D:4      | Noticed a lemure
  2650 | D:4      | Killed a lemure
  2655 | D:4      | Killed a lemure
  2807 | D:4      | Reached skill level 3 in Maces & Flails
  2910 | D:4      | Noticed Pikel
  2910 | D:4      | Noticed a lemure
  2912 | D:4      | Noticed a lemure
  2919 | D:4      | Killed Pikel
  2920 | D:4      | Reached skill level 5 in Maces & Flails
  2920 | D:4      | Reached skill level 5 in Dodging
  2920 | D:4      | Reached XP level 6. HP: 44/55 MP: 5/5
  2920 | D:4      | Reached XP level 7. HP: 48/60 MP: 6/6
  3031 | D:4      | Identified the +1 cloak of Miracles {+Blink rCorr Int+4
                  | Dex-3}
  3067 | D:4      | Reached skill level 5 in Fighting
  3295 | D:4      | Found a runed translucent door.
  3296 | D:4      | Noticed Crazy Yiuf
  3301 | D:4      | Killed Crazy Yiuf
  3450 | D:5      | Entered Level 5 of the Dungeon
  3450 | D:5      | Found a shadowy altar of Dithmenos.
  3459 | D:5      | Identified the +2 ring mail of Lesser Demons {rC+ Regen+
                  | Str+2 Dex-5}
  3553 | D:5      | Reached skill level 6 in Maces & Flails
  3560 | D:5      | Reached XP level 8. HP: 15/68 MP: 7/7
  3732 | D:5      | Found a runed translucent gate.
  3732 | D:5      | Found a runed translucent gate.
  3733 | D:5      | Found a runed translucent gate.
  3735 | D:5      | Noticed glaedl's ghost (novice GrEE)
  3791 | D:5      | Found a staircase to the Ecumenical Temple.
  3811 | D:5      | Killed from afar by an acid dragon

Illustrated notes

Levels and vault maps discovered:
D:1:      dpeg_arrival_morbid_curiosity, layout_loops_cross, minmay_pentomino_o2
D:2:      layout_loops_ring, shapermc_ecumenical_altar_mp_vishouse, basic_altar,
          guppyfry_early_orc_mine
D:3:      layout_loops_ring, zin_purify, uniq_terence
D:4:      layout_basic, serial_rivers, chequers_serial_rivers_micro_b,
          chequers_serial_rivers_large_a, chequers_serial_rivers_micro_a,
          chequers_serial_rivers_small_a, chequers_serial_rivers_large_b,
          chequers_serial_rivers_marsh, uniq_pikel, uniq_crazy_yiuf_cottage
D:5:      layout_loops_ring, overflow_temple_1_default,
          minmay_temple_entry_from_below_a, gammafunk_ghost_split,
          kennysheep_boxes

Skill      XL: |  1  2  3  4  5  6  7 |
---------------+----------------------+-----
Staves         | 4 |  4.6
Armour         | 1 2 4 |  4.9
Fighting       | 3 4 5 |  5.5
Maces & Flails | 1 2 5 6 |  6.4
Dodging        | 4 5 |  5.6
Throwing       | |  2.0

Action                   |  1- 3 |  4- 6 |  7- 9 || total
-------------------------+-------+-------+-------++-------
Melee: Quarterstaff      |    84 |       |       ||    84
       Headbutt          |    15 |    11 |    14 ||    40
       Morningstar       |     9 |    85 |    52 ||   146
       Punch             |       |     2 |       ||     2
Throw: Throwing net      |       |     1 |       ||     1
  Use: Scroll            |     7 |     7 |     1 ||    15
       Potion            |       |       |     1 ||     1
 Stab: Held in net/web   |       |     1 |       ||     1
Armor: Ring mail         |    19 |       |       ||    19
       Scale mail        |    11 |    19 |       ||    30
       Chain mail        |       |    18 |    20 ||    38
Dodge: Dodged            |    49 |    42 |    27 ||   118

Table legend: (Time is in decaauts)
 A = Elapsed time spent in this place.
 B = Non-inter-level travel time spent in this place.
 C = Inter-level travel time spent in this place.
 D = Time resting spent in this place.
 E = Time spent auto-exploring this place.
 F = Levels seen in this place.
 G = Mean time per level.
                   A        B        C        D        E       F      G
               +--------+--------+--------+--------+--------+-----+--------+
         Total |   3914 |   3726 |    188 |      0 |   2904 |   5 |  782.8 |
       Dungeon |   3914 |   3726 |    188 |      0 |   2904 |   5 |  782.8 |
               +--------+--------+--------+--------+--------+-----+--------+

Top non-repeatable levels by time:
     D:4: 963 daAuts
     D:3: 883 daAuts
     D:1: 872 daAuts
     D:2: 830 daAuts
     D:5: 365 daAuts
